 Dungeon Crawl Stone Soup version 0.26-a0-651-gb41185065b (webtiles) character file.

Game seed: 6704091374819816181

179 heikuro the Shield-Bearer (level 5, 0/42 HPs)
             Began as a Formicid Fighter on Sept 28, 2020.
             Slain by an orc
             ... wielding a +0 flail
              (7 damage)
             ... on level 4 of the Dungeon.
             The game lasted 00:06:29 (3063 turns).

heikuro the Shield-Bearer (Formicid Fighter)        Turns: 3063, Time: 00:06:30

Health: 0/42       AC:  9    Str: 22    XL:     5   Next: 90%
Magic:  5/5        EV:  8    Int:  7    God:
Gold:   195        SH:  9    Dex: 10    Spells: 4/4 levels left

rFire    . . .     SeeInvis +   a - +0 long sword
rCold    . . .     Faith    .   c - +0 kite shield
rNeg     . . .     Spirit   .   b - +0 scale mail
rPois    .         Reflect  .   (helmet unavailable)
rElec    .         Harm     .   (no cloak)
rCorr    .         Rampage  .   g - +0 pair of gloves
MR       .....                  s - +0 pair of boots
Stlth    ..........             (no amulet)
HPRegen  0.14/turn              (no ring)
MPRegen  0.09/turn              (no ring)

@: mighty
A: permanent stasis, dig shafts and tunnels, four strong arms, antennae 3
a: Dig, Shaft Self


You were on level 4 of the Dungeon.
You visited 1 branch of the dungeon, and saw 4 of its levels.

You collected 195 gold pieces.

Inventory:

Hand Weapons
 a - a +0 long sword (weapon)
Missiles
 f - 20 poisoned darts (quivered)
 m - 21 sling bullets
Armour
 b - a +0 scale mail (worn)
 c - a +0 kite shield (worn)
 g - a +0 pair of gloves (worn)
 r - a +1 ring mail of poison resistance
 s - a +0 pair of boots (worn)
Jewellery
 h - an uncursed ring of ice {unknown}
Scrolls
 e - a scroll of fear {unknown}
 i - a scroll of random uselessness {unknown}
 j - a scroll of remove curse {unknown}
 l - 2 scrolls of immolation
 o - a scroll of blinking {unknown}
 p - a scroll of enchant armour {unknown}
 q - a scroll of fog {unknown}
 w - a scroll of amnesia {unknown}
Potions
 d - a potion of might
 k - a potion of magic
 n - a potion of brilliance
 t - a potion of ambrosia {unknown}
 u - 2 potions of degeneration {unknown}
 v - a potion of mutation {unknown}


   Skills:
 + Level 4.1 Fighting
 * Level 3.8 Long Blades
 + Level 4.2 Armour
 + Level 4.5 Shields


You had 4 spell levels left.
You didn't know any spells.
Your spell library was empty.

Dungeon Overview and Level Annotations

Branches:
Dungeon (4/15)
 Temple: D:4-7

Altars:

Annotations:
D:4 Menkaure


Innate Abilities, Weirdness & Mutations

You cannot be hasted, slowed, berserked, paralysed or teleported.
You can dig through walls and to a lower floor.
Your four strong arms can wield two-handed weapons with a shield.
You have a pair of large antennae on your head. (SInv)


Message History

You block the orc's attack.
The orc priest hits you but does no damage.
You block the orc's attack.
The frilled lizard bites you but does no damage.
The orc priest hits you but does no damage.
The orc hits you with a +0 flail.
You slash the orc priest!
You kill the orc priest!
The orc priest hits you from afar with a +0 trident.
* * * LOW HITPOINT WARNING * * *
The orc hits you but does no damage. The frilled lizard closely misses you.
You riposte.
You miss the frilled lizard. You block the orc's attack.
The orc priest hits you from afar with a +0 trident.
* * * LOW HITPOINT WARNING * * *
The orc barely misses you.
You riposte.
You hit the orc.
You kill the orc!
You block the frilled lizard's attack.
The orc priest looks encouraged for a moment.
You barely miss the orc priest. The orc hits you with a +0 flail!
You die...

.... #..............
#...###..............
#.........#..........
.
##...#....###.........
.##....##..##
#......## .......##.##
#...#$.# .......##..#
#).)#..### #.........#
#o.).....# #........##
#.@l..#### #..##.....#
#.o..##
##.###.............#
#..# #....#.####....#
##.## #...##.# ......
#..# #...## .# #.###..
..###...### .. #.
..##....... ...
##.........


You could see an orc priest, an orc and a frilled lizard.

Vanquished Creatures
  An orc priest (D:4)
  Terence (D:3)
  An orc wizard (D:4)
  2 adders
  3 worms
  A dart slug (D:2)
  A leopard gecko (D:2)
  6 orcs
  3 giant cockroaches
  8 goblins
  7 hobgoblins
  4 jackals
  6 kobolds
  A quokka (D:4)
  3 bats
  7 frilled lizards
  A quokka skeleton (D:4)
  6 rats
62 creatures vanquished.

Notes
Turn   | Place    | Note
-------+----------+-------------------------------------------
     0 | D:1      | heikuro the Formicid Fighter began the quest for the Orb.
     0 | D:1      | Reached XP level 1. HP: 18/18 MP: 1/1
    79 | D:1      | Reached XP level 2. HP: 10/24 MP: 2/2
   686 | D:2      | Reached XP level 3. HP: 29/29 MP: 3/3
  1582 | D:2      | Reached XP level 4. HP: 37/37 MP: 4/4
  1767 | D:3      | Noticed Terence
  1781 | D:3      | Killed Terence
  2238 | D:3      | Reached XP level 5. HP: 42/42 MP: 5/5
  2724 | D:4      | Noticed Menkaure
  3063 | D:4      | Slain by an orc

Illustrated notes

Levels and vault maps discovered:
D:1:      minmay_arrival_shattered_statue, layout_basic
D:2:      layout_basic
D:3:      layout_loops_ring, uniq_terence
D:4:      layout_layer_cave, uniq_menkaure

Skill      XL: |  1  2  3  4  5 |
---------------+----------------+-----
Shields        | 4 |  4.5
Long Blades    | 3 |  3.8
Armour         | 4 |  4.2
Fighting       | 4 |  4.1

Action                   |  1- 3 |  4- 6 || total
-------------------------+-------+-------++-------
Melee: Long sword        |   121 |   122 ||   243
  Use: Scroll            |       |     4 ||     4
       Potion            |       |     1 ||     1
Armor: Scale mail        |    41 |    56 ||    97
Dodge: Dodged            |    38 |    49 ||    87
Block: Kite shield       |    74 |    76 ||   150
       Rpst.: Long sword |    20 |    13 ||    33

Table legend: (Time is in decaauts)
 A = Elapsed time spent in this place.
 B = Non-inter-level travel time spent in this place.
 C = Inter-level travel time spent in this place.
 D = Time resting spent in this place.
 E = Time spent auto-exploring this place.
 F = Levels seen in this place.
 G = Mean time per level.
                   A        B        C        D        E       F      G
               +--------+--------+--------+--------+--------+-----+--------+
         Total |   3142 |   2914 |    228 |    556 |   1474 |   4 |  785.5 |
       Dungeon |   3142 |   2914 |    228 |    556 |   1474 |   4 |  785.5 |
               +--------+--------+--------+--------+--------+-----+--------+

Top non-repeatable levels by time:
     D:2: 1091 daAuts
     D:3: 794 daAuts
     D:1: 708 daAuts
     D:4: 547 daAuts
